 Dungeon Crawl Stone Soup version 0.31-a0-246-g8cbcc1cb85 (webtiles) character file.

Game seed: 11986297435143747244

415 qw the Shooter (level 6, 0/37 HPs)
             Began as a Gargoyle Hexslinger on July 12, 2023.
             Slain by a kobold
             ... wielding a +0 dagger
              (1 damage)
             ... on level 4 of the Dungeon.
             The game lasted 00:01:12 (3017 turns).

qw the Shooter (Gargoyle Hexslinger)                Turns: 3017, Time: 00:01:12

Health: 0/37       AC:  8    Str: 12    XL:     6   Next: 92%
Magic:  7/7        EV: 11    Int: 13    God:
Gold:   225        SH:  0    Dex: 14    Spells: 6/7 levels left

rFire   . . .        Y - +1 sling
rCold   . . .        (no shield)
rNeg    + . .        e - +0 leather armour
rPois   inf          a - +0 helmet
rElec   +            (no cloak)
rCorr   .            (no gloves)
SInv    .            (no boots)
Will    .....        (no amulet)
Stlth   +            (no ring)
HPRegen 0.26/turn    (no ring)
MPRegen 0.10/turn

%: no passive effects
@: no status effects
A: sickness immunity, AC +4, negative energy resistance 1, electricity
resistance, torment resistance 1, petrification resistance
a: no special abilities


You were on level 4 of the Dungeon.
You visited 1 branch of the dungeon, and saw 4 of its levels.

You collected 225 gold pieces.


Innate Abilities, Weirdness & Mutations

You are immune to sickness and miasma.
Your stone body is resilient. (AC +4)
You are immune to poison.
You resist negative energy. (rN+)
You are resistant to electric shocks. (rElec)
You are resistant to unholy torment.
You are immune to petrification.


   Skills:
 + Level 3.1 Fighting
 - Level 6.0 Ranged Weapons
 - Level 2.5 Armour
 - Level 1.5 Dodging
 - Level 1.0 Spellcasting
 - Level 2.6 Hexes


You had 6 spell levels left.
You knew the following spells:

 Your Spells              Type           Power      Damage    Failure   Level
a - Slow                  Hex            28%        N/A       12%         1

Your spell library contained the following spells:

 Spells                   Type           Power      Damage    Failure   Level
 Inner Flame              Hex/Fire       4%         N/A       52%         3
 Portal Projectile        Hex/Tloc       8%         N/A       52%         3
 Cause Fear               Hex            3%         N/A       75%         4

Inventory:

Hand Weapons
 Y - a +1 sling (weapon)
Armour
 a - a +0 helmet (worn)
 e - a +0 leather armour (worn)
Potions
 c - a potion of cancellation {unknown}
 d - a potion of degeneration {unknown}
 g - a potion of curing

Dungeon Overview and Level Annotations

Branches:
Dungeon (4/15)
 Temple: D:4-7

Altars:


Message History

You shoot a sling bullet.
The sling bullet hits the endoplasm but does no damage.
The endoplasm is severely wounded.
The kobold hits you with a +0 dagger. The endoplasm freezes you.
You are frozen.
You shoot a sling bullet. The sling bullet hits the endoplasm.
The endoplasm is almost dead.
The kobold hits you but does no damage. The endoplasm freezes you.
You are frozen.
You shoot a sling bullet.
The sling bullet barely misses the endoplasm.
The kobold hits you but does no damage. The endoplasm closely misses you.
The endoplasm hits you. The kobold hits you but does no damage.
You shoot a sling bullet. The sling bullet hits the endoplasm.
You kill the endoplasm!
The kobold hits you with a +0 dagger.
You shoot a sling bullet.
The sling bullet closely misses the kobold.
The kobold closely misses you.
You shoot a sling bullet.
The sling bullet closely misses the kobold.
The kobold misses you.
You shoot a sling bullet.
The sling bullet hits the kobold but does no damage.
The kobold barely misses you.
You shoot a sling bullet.
The sling bullet hits the kobold but does no damage.
The kobold closely misses you.
You shoot a sling bullet.
The sling bullet barely misses the kobold.
The kobold misses you.
You shoot a sling bullet.
The sling bullet completely misses the kobold.
The kobold hits you with a +0 dagger.
You shoot a sling bullet.
The sling bullet closely misses the kobold.
The kobold hits you but does no damage. The kobold hits you with a +0 dagger.
You die...

# .# .# #
#.###.# ###
##.......
#<###K.......
#..#.#%@.......
#.#.#.#######..
...<...#.#
....... ##
#.###... #.
##.. # #.. ...
#..


You could see a kobold.

Vanquished Creatures
  Sigmund (D:2)
  A black bear (D:4)
  An orc wizard (D:3)
  Robin (D:2)
  2 gnolls (D:2)
  A worm (D:1)
  3 dart slugs
  6 orcs
  A bat (D:1)
  6 endoplasms
  2 giant cockroaches
  13 goblins
  10 hobgoblins
  4 jackals
  6 kobolds
  7 quokkas
  5 ball pythons
  4 frilled lizards
  3 rats
77 creatures vanquished.

Notes
Turn   | Place    | Note
-------+----------+-------------------------------------------
     0 | D:1      | qw the Gargoyle Hexslinger began the quest for the Orb.
     0 | D:1      | Reached XP level 1. HP: 12/12 MP: 2/2
     0 | D:1      | 0 ||| qw: Version: 0.3-a-52-g30416fa
     0 | D:1      | 0 ||| qw: Game counter: 6520
     0 | D:1      | 0 ||| qw: Melee chars always use a shield: true
     0 | D:1      | 0 ||| qw: God list: Okawaru
     0 | D:1      | 0 ||| qw: Allow faded altars: false
     0 | D:1      | 0 ||| qw: Do Orc after clearing Dungeon:15 true
     0 | D:1      | 0 ||| qw: Do second Lair branch before Depths: true
     0 | D:1      | 0 ||| qw: Lair rune preference: random
     0 | D:1      | 0 ||| qw: Goals: Normal
     0 | D:1      | 0 ||| PLANNING D:1-11
   166 | D:1      | Reached XP level 2. HP: 16/16 MP: 3/3
   220 | D:1      | Reached skill level 3 in Ranged Weapons
   371 | D:1      | Reached XP level 3. HP: 15/21 MP: 4/4
   631 | D:1      | 631 ||| UPGRADING to +0 leather armour.
   641 | D:1      | 641 ||| DROPPING +0 robe.
   642 | D:1      | 642 ||| READING scroll labelled FUZAEGG TOTTUR.
   646 | D:1      | 646 ||| READING 2 scrolls labelled MASEUNL GIKETU.
   647 | D:1      | 647 ||| DROPPING scroll of poison.
   648 | D:1      | 648 ||| DROPPING scroll of revelation.
   666 | D:2      | 666 ||| STAIRDANCE
   733 | D:2      | Noticed Robin
   744 | D:2      | Killed Robin
   806 | D:2      | Reached XP level 4. HP: 20/26 MP: 5/5
  1080 | D:2      | Reached skill level 4 in Ranged Weapons
  1450 | D:2      | HP: 6/26 [orc/+0 flail (6)]
  1599 | D:2      | Noticed Sigmund
  1616 | D:2      | Killed Sigmund
  1617 | D:2      | Reached skill level 6 in Ranged Weapons
  1617 | D:2      | Reached XP level 5. HP: 10/30 MP: 6/6
  1617 | D:2      | Reached XP level 6. HP: 11/35 MP: 7/7
  2006 | D:2      | 2006 ||| UPGRADING to +0 helmet.
  2011 | D:2      | 2011 ||| READING scroll labelled SIMISICAJA.
  2205 | D:3      | 2205 ||| FLEEEEING.
  2206 | D:3      | 2206 ||| FLEEEEING.
  2208 | D:3      | 2208 ||| Stepping ~*~*~tactically~*~*~ (water).
  2209 | D:3      | 2209 ||| Stepping ~*~*~tactically~*~*~ (water).
  2210 | D:3      | 2210 ||| Stepping ~*~*~tactically~*~*~ (water).
  2211 | D:3      | 2211 ||| Stepping ~*~*~tactically~*~*~ (water).
  2212 | D:3      | 2212 ||| Stepping ~*~*~tactically~*~*~ (water).
  2213 | D:3      | 2213 ||| Stepping ~*~*~tactically~*~*~ (water).
  2214 | D:3      | 2214 ||| Stepping ~*~*~tactically~*~*~ (water).
  2215 | D:3      | 2215 ||| Stepping ~*~*~tactically~*~*~ (water).
  2216 | D:3      | 2216 ||| Stepping ~*~*~tactically~*~*~ (water).
  2217 | D:3      | 2217 ||| Stepping ~*~*~tactically~*~*~ (water).
  2218 | D:3      | 2218 ||| Stepping ~*~*~tactically~*~*~ (water).
  2219 | D:3      | 2219 ||| Stepping ~*~*~tactically~*~*~ (water).
  2219 | D:3      | HP: 7/36 [something/magic dart (10)]
  2220 | D:3      | 2220 ||| READING scroll of teleportation.
  2221 | D:3      | 2221 ||| Stepping ~*~*~tactically~*~*~ (water).
  2222 | D:3      | 2222 ||| Stepping ~*~*~tactically~*~*~ (water).
  2223 | D:3      | 2223 ||| Stepping ~*~*~tactically~*~*~ (water).
  2224 | D:3      | 2224 ||| Stepping ~*~*~tactically~*~*~ (water).
  2546 | D:3      | Reached skill level 3 in Fighting
  2978 | D:3      | 2978 ||| DRINKING 2 dark potions.
  2979 | D:3      | 2979 ||| DRINKING 2 murky silvery potions.
  2980 | D:3      | 2980 ||| DROPPING potion of magic.
  2994 | D:4      | Noticed a black bear
  3005 | D:4      | Killed a black bear
  3007 | D:4      | HP: 7/37 [frozen (4)]
  3009 | D:4      | HP: 2/37 [endoplasm (3)]
  3016 | D:4      | HP: 1/37 [kobold/+0 dagger (2)]
  3017 | D:4      | Slain by a kobold

Levels and vault maps discovered:
D:1:      ldierk_walled_garden_2, layout_loops_ring, minmay_3d_cube
D:2:      wad_woods_tower, layout_basic, serial_bayou_pond_e,
          kennysheep_generic_room_16, uniq_robin, uniq_sigmund
D:3:      layout_loops_ring, serial_forest, infiniplex_forest_end_1,
          infiniplex_forest_lined_2, infiniplex_forest_side_room,
          infiniplex_forest_end_double, infiniplex_forest_end_2,
          infiniplex_forest_lined_2, serial_bayou_pond_c,
          minmay_misc_feat_hallway
D:4:      layout_loops_ring, old_standard_altar

Skill      XL: |  1  2  3  4  5  6 |
---------------+-------------------+-----
Ranged Weapons | 3 6 |  6.0
Fighting       | 2 3 |  3.1
Armour         | 2 |  2.5
Dodging        | |  1.5
Spellcasting   | |  1.0
Hexes          | |  2.6

Action                     |  1- 3 |  4- 6 || total
---------------------------+-------+-------++-------
   Fire: Sling             |   107 |   205 ||   312
    Use: Scroll            |     2 |     2 ||     4
         Potion            |       |     2 ||     2
 Armour: Robe              |     7 |       ||     7
         Leather armour    |    19 |    58 ||    77
  Dodge: Dodged            |    35 |    73 ||   108

Table legend:
 A = Non-vault XP
 B = Vault XP
 C = Vault XP percentage of total XP
 D = Non-vault monster count
 E = Vault monster count
 F = Vault count percentage of total count
                 A         B        C        D         E       F
            +---------+---------+-------+---------+---------+-------
      Total |     275 |     319 |  53.7 |      54 |      23 |  29.9
            +---------+---------+-------+---------+---------+-------
        D:1 |      38 |       5 |  11.6 |      19 |       3 |  13.6
        D:2 |      30 |     314 |  91.3 |      16 |      20 |  55.6
        D:3 |      72 |       0 |   0.0 |      17 |       0 |   0.0
        D:4 |     135 |       0 |   0.0 |       2 |       0 |   0.0
            +---------+---------+-------+---------+---------+-------
